 Dungeon Crawl Stone Soup version 0.17-a0-2055-gb4e23be (webtiles) character file.

264 st0uf the Caller (level 5, 0/35 HPs)
             Began as a Mummy Wizard on Oct 11, 2015.
             Was a Follower of Sif Muna.
             Slain by a giant frog (2 damage)
             ... in a sewer.
             The game lasted 00:38:30 (4232 turns).

st0uf the Caller (Mummy Wizard)                     Turns: 4232, Time: 00:38:32

Health: 0/35       AC:  2    Str: 10    XL:     5   Next: 98%
Magic:  1/9        EV: 12    Int: 19    God:    Sif Muna [*.....]
Gold:   196        SH:  0    Dex: 10    Spells: 4 memorised, 2 levels left

rFire  x . .     SeeInvis .     (no weapon)
rCold  + . .     Clarity  .     a - +0 robe
rNeg   + + +     SustAt   .     (no shield)
rPois  ∞         Gourm    .     b - +0 hat
rElec  .         Spirit   .     (no cloak)
rCorr  .         Warding  .     (no gloves)
rMut   .         Stasis   .     (no boots)
MR     .....                    (no amulet)
Stlth  +.........               (no ring)
                                (no ring)

@: not resistant to hostile enchantments, very unstealthy
A: no food or potions, fire vulnerability, cold resistance 1, negative energy
resistance 3, torment resistance, unbreathing
a: Channel Energy, Renounce Religion


You were in a sewer.
You worshipped Sif Muna.
Sif Muna was aware of your devotion.
You were not hungry.

You visited 1 branch of the dungeon, and saw 3 of its levels.
You also visited: Sewer.

You collected 196 gold pieces.

Inventory:

Armour
 a - a +0 robe (worn)
 b - a +0 hat (worn)
 d - a +0 buckler
Scrolls
 e - a scroll of fog {unknown}
 f - 5 scrolls of identify {unknown}
 g - 2 scrolls of magic mapping {unknown}
 h - 3 scrolls of recharging {unknown}
 i - 2 scrolls of fear {unknown}
 j - 2 scrolls of noise {unknown}
 k - a scroll of teleportation {unknown}
 l - a scroll of blinking {unknown}
Books
 c - a book of Minor Magic

   Spells                             Type                      Level
   a - Magic Dart                     Conjuration                  1
   b - Blink                          Translocation                2
   c - Call Imp                       Summoning                    2
   d - Repel Missiles                 Charms/Air                   2
   e - Slow                           Hexes                        2
   f - Conjure Flame                  Conjuration/Fire             3
   g - Mephitic Cloud                 Conjuration/Poison/Air       3


   Skills:
 - Level 1.5 Dodging
 - Level 1.5 Stealth
 - Level 3.0 Spellcasting
 - Level 2.0 Conjurations
 - Level 4.2 Summonings
 - Level 0.7 Translocations
 + Level 1.0 Air Magic
 + Level 0.5 Poison Magic


You had 2 spell levels left.
You knew the following spells:

 Your Spells              Type           Power        Failure   Level  Hunger
a - Magic Dart            Conj           ##..         10%         1    N/A
b - Call Imp              Summ           ###.....     6%          2    N/A
c - Mephitic Cloud        Conj/Pois/Air  #.......     34%         3    N/A
d - Blink                 Tloc           N/A          21%         2    N/A

Dungeon Overview and Level Annotations

Branches:
Dungeon (3/15)

Altars:
Cheibriados
Elyvilon
Sif Muna
Trog
Yredelemnul


Innate Abilities, Weirdness & Mutations

You do not eat or drink.
Your flesh is vulnerable to fire.
You are immune to poison.
Your flesh is cold resistant.
You are immune to negative energy.
You are immune to unholy pain and torment.
You can survive without breathing.


Message History

The giant frog closely misses your crimson imp.
Your crimson imp hits the giant frog.
The adder bites your crimson imp but does no damage.
Your crimson imp barely misses the giant frog.
The giant frog barely misses your crimson imp.
The giant frog closely misses your crimson imp.
Your crimson imp hits the giant frog.
The adder bites your crimson imp.
The giant frog closely misses your crimson imp.
Your crimson imp barely misses the giant frog.
The adder misses your crimson imp.
The giant frog hits your crimson imp but does no damage.
Your crimson imp misses the giant frog. x2
The giant frog hits something.
The adder bites your crimson imp but does no damage.
The giant frog barely misses you.
Your crimson imp completely misses the adder.
The ooze hits your crimson imp.
The giant frog misses something.
The adder bites your crimson imp. The giant frog hits you.
You die...

##..............##
##................##
#........##.5......#
##......#†####......##
#......##..# ##......#
#.≈≈≈≈≈##..# #.≈..≈.#
#≈≈≈≈≈≈##### #≈≈≈≈≈≈#
#≈≈≈≈≈≈# #≈≈≈≈≈≈#
#≈≈≈≈@≈# #≈≈≈≈≈≈#
#≈≈≈≈F≈# #≈≈≈≈≈≈#
#≈≈≈≈≈≈# #≈≈≈≈≈≈#
#≈≈≈≈≈≈# #≈.≈.≈≈#
#≈≈5≈≈≈# #≈÷(.≈.#
#≈JS≈≈≈# #≈..≈.≈#
#≈≈≈≈≈≈# #≈≈≈.≈≈#
#≈F5≈≈≈# #≈≈≈≈≈≈#
#≈≈≈≈≈≈# #≈≈÷≈≈≈#


You could see 2 giant frogs, an ooze, an adder and 2 friendly crimson imps.

Vanquished Creatures
  An adder (Sewer)
  An ooze (D:1)
  A giant gecko (D:1)
  A giant cockroach (D:1)
  5 hobgoblins (D:1)
  5 ball pythons
  3 bats
  4 kobolds
  3 rats
24 creatures vanquished.

Vanquished Creatures (collateral kills)
  The ghost of cireshan the Conjurer, an amateur DECj (Sewer)
  Jessica (D:2)
  4 gnolls (D:3)
  3 river rats
  8 adders
  3 oozes
  2 worms
  3 giant geckos (D:2)
  An orc (D:3)
  7 ball pythons
  2 giant cockroaches
  3 hobgoblins (D:2)
  5 jackals
  2 kobolds
  3 bats (D:2)
  5 giant newts
  3 goblins
  25 rats
81 creatures vanquished.

Grand Total: 105 creatures vanquished

Notes
Turn   | Place    | Note
--------------------------------------------------------------
     0 | D:1      | st0uf the Mummy Wizard began the quest for the Orb.
     0 | D:1      | Reached XP level 1. HP: 13/13 MP: 4/4
    46 | D:1      | Reached skill level 1 in Conjurations
   349 | D:1      | Reached XP level 2. HP: 17/19 MP: 1/6
   402 | D:1      | Learned a level 2 spell: Call Imp
   650 | D:1      | Reached skill level 1 in Summonings
  1272 | D:2      | Noticed Jessica
  1288 | D:2      | Killed Jessica
  1288 | D:2      | Reached XP level 3. HP: 24/24 MP: 1/7
  2046 | D:2      | Found a white marble altar of Elyvilon.
  2335 | D:2      | Found a basalt altar of Yredelemnul.
  2408 | D:2      | Found a snail-covered altar of Cheibriados.
  2411 | D:2      | Found a bloodstained altar of Trog.
  2414 | D:2      | Found a deep blue altar of Sif Muna.
  2418 | D:2      | Became a worshipper of Sif Muna the Loreminder
  2423 | D:2      | Learned a level 3 spell: Mephitic Cloud
  2789 | D:3      | Reached XP level 4. HP: 30/30 MP: 6/8
  3049 | D:3      | Learned a level 2 spell: Blink
  3234 | D:3      | Found a glowing drain.
  3242 | Sewer    | Entered a sewer
  3568 | Sewer    | Reached XP level 5. HP: 35/35 MP: 2/9
  3569 | Sewer    | Noticed cireshan's ghost (amateur DECj)
  3583 | Sewer    | Killed cireshan's ghost
  3583 | Sewer    | Reached skill level 4 in Summonings
  3624 | Sewer    | Acquired Sif Muna's first power
  4214 | Sewer    | Reached skill level 1 in Air Magic
  4216 | Sewer    | Noticed a giant frog
  4216 | Sewer    | Noticed a giant frog
  4232 | Sewer    | Slain by a giant frog

Vault maps used:
D:1:      matt_arrival_spirals
D:2:      elyvilon_altar_5, grunt_temple_overflow_diamond, old_standard_altar,
          minivault_4, bh_chokoban, uniq_jessica
D:3:      grunt_gozag_statues, portal_sewer_entry_b,
          minmay_misc_feat_more_columns, mrwooster_statue_mirror
Sewer:    sewer_minmay_w

Action                   |  1- 3 |  4- 6 || total
-------------------------+-------+-------++-------
Melee: Unarmed           |     8 |     6 ||    14
 Cast: Magic Dart        |    51 |    19 ||    70
       Call Imp          |    33 |    52 ||    85
Invok: Channel Energy    |       |    12 ||    12
  Use: Scroll            |     1 |       ||     1
 Stab: Distracted        |       |     1 ||     1
